Map: Hardwire LE

Players

MCanning - Winner!

  • Race: Protoss Protoss
  • League: Master

BerryRAWR

  • Race: Terran Terran
  • League: Grandmaster

VOD

Have the link to the VOD?

Description

Time

  • Played on: April 17, 2022, 1:51 a.m.
  • Length: 11:38
Show
View Real Time Build Order
Export as new Build Order

MCanning Protoss - Winner!

Build Orders: 1 Gate Expand, Blink Stalkers 

Get SALT Encoding   

  12  0:00  Probe  
  13  0:12  Probe  
  14  0:17  Pylon  
  14  0:24  Probe  
  15  0:36  Probe (Chrono Boost), Gateway  
  16  0:47  Assimilator, Probe (Chrono Boost)  
  17  0:52  Probe (Chrono Boost)  
  18  1:03  Probe  
  19  1:15  Probe  
  20  1:22  Nexus  
  20  1:35  Cybernetics Core  
  20  1:36  Probe  
  21  1:41  Assimilator  
  21  1:47  Pylon  
  21  1:52  Probe  
  22  2:05  Probe (Chrono Boost)  
  22  2:08  Adept (Chrono Boost)  
  22  2:12  Warp Gate  
  24  2:17  Probe (Chrono Boost)  
  25  2:23  Probe (Chrono Boost)  
  25  2:26  Twilight Council  
  26  2:34  Probe (Chrono Boost)  
  26  2:35  Probe (Chrono Boost)  
  28  2:42  Stalker  
  32  2:45  Probe (Chrono Boost)  
  32  2:47  Probe (Chrono Boost)  
  32  2:50  Probe (Chrono Boost)  
  32  2:55  Probe  
  32  2:57  Blink (Chrono Boost)  
  34  3:02  Probe  
  35  3:07  Probe  
  36  3:14  Probe  
  36  3:19  Probe  
  36  3:25  Stalker  
  36  3:26  Probe  
  39  3:33  Gateway  
  39  3:34  Probe  
  39  3:38  Probe  
  40  3:42  Gateway  
  40  3:46  Probe  
  41  3:50  Shield Battery, Probe  
  41  3:51  Robotics Facility  
  41  3:58  Probe  
  41  4:00  Pylon  
  43  4:02  Probe  
  43  4:06  Assimilator, Sentry  
  45  4:10  Probe  
  46  4:18  Probe  
  46  4:23  Probe  
  48  4:25  Nexus  
  48  4:28  Pylon  
  48  4:30  Probe  
  49  4:34  Stalker  
  49  4:35  Probe  
  49  4:37  Stalker  
  54  4:45  Probe (Chrono Boost)  
  54  4:47  Charge, Probe (Chrono Boost)  
  55  4:56  Stalker  
  55  4:57  Probe (Chrono Boost)  
  55  4:59  Probe (Chrono Boost)  
  59  5:01  Stalker  
  59  5:02  Probe (Chrono Boost), Pylon  
  62  5:10  Observer  
  62  5:12  Pylon  
  61  5:23  Stalker x2  
  61  5:25  Probe  
  61  5:27  Gateway  
  61  5:28  Sentry, Gateway  
  66  5:30  Probe  
  69  5:40  Probe x2  
  71  5:46  Immortal  
  71  5:49  Probe  
  76  5:53  Probe  
  76  5:55  Gateway  
  77  5:57  Gateway  
  77  5:58  Stalker x2  
  77  6:01  Probe  
  77  6:02  Probe (Chrono Boost)  
  79  6:05  Probe (Chrono Boost)  
  76  6:13  Probe (Chrono Boost)  
  76  6:14  Probe (Chrono Boost)  
  76  6:17  Pylon  
  76  6:18  Probe (Chrono Boost)  
  79  6:22  Probe (Chrono Boost)  
  79  6:23  Probe (Chrono Boost), Forge  
  79  6:24  Probe (Chrono Boost)  
  82  6:27  Probe (Chrono Boost)  
  82  6:28  Assimilator  
  82  6:31  Observer (Chrono Boost)  
  82  6:32  Probe  
  84  6:33  Pylon  
  84  6:36  Probe  
  84  6:39  Shield Battery  
  86  6:44  Zealot x3  
  86  6:45  Assimilator  
  92  6:51  Immortal (Chrono Boost)  
  96  6:58  Robotics Bay  
  96  6:59  Sentry  
  96  7:01  Zealot  
  100  7:02  Protoss Ground Weapons Level 1 (Chrono Boost)  
  100  7:06  Photon Cannon  
  100  7:10  Pylon  
  100  7:14  Pylon, Forge  
  100  7:17  Probe  
  100  7:20  Assimilator, Pylon  
  100  7:22  Observer, Robotics Facility  
  101  7:24  Pylon  
  101  7:25  Pylon, Dark Shrine  
  101  7:30  Zealot  
  101  7:33  Probe  
  104  7:42  Colossus (Chrono Boost)  
  104  7:43  Extended Thermal Lance (Chrono Boost)  
  104  7:45  Pylon  
  110  7:54  Stalker x2  
  110  7:55  Stalker x2  
  118  8:05  Nexus  
  124  8:15  Colossus (Chrono Boost)  
  124  8:18  Zealot  
  124  8:19  Zealot x2  
  130  8:21  Zealot x2  
  130  8:26  Protoss Ground Armor Level 1 (Chrono Boost)  
  124  8:34  Colossus (Chrono Boost)  
  124  8:38  Stalker x3  
  124  8:55  Stalker x4, Pylon  
  122  8:59  Probe  
  127  9:03  Probe  
  127  9:07  Probe  
  121  9:10  Disruptor (Chrono Boost)  
  121  9:11  Probe  
  121  9:15  Protoss Ground Weapons Level 2 (Chrono Boost)  
  121  9:16  Zealot x3, Pylon  
  131  9:27  Probe  
  131  9:28  Probe  
  131  9:29  Probe  
  134  9:32  Dark Templar  
  134  9:34  Shield Battery  
  134  9:35  Disruptor  
  134  9:36  Zealot x4  
  147  9:40  Dark Templar  
  147  9:41  Dark Templar  
  149  9:57  Stalker x4  
  157  10:00  Probe  
  148  10:09  Photon Cannon  
  148  10:10  Photon Cannon, Probe  
  135  10:21  Stalker x3  
  135  10:23  Probe  
  135  10:26  Probe  
  138  10:29  Disruptor  
  138  10:30  Probe  
  138  10:33  Probe (Chrono Boost)  
  138  10:38  Probe x2 (Chrono Boost)  
  138  10:40  Assimilator, Zealot x2  
  138  10:41  Assimilator, Zealot x2  
  146  10:44  Probe (Chrono Boost)  
  147  10:53  Disruptor  
  147  10:56  Zealot x3  
  148  11:30  Nexus  
  148  11:34  Dark Templar x4  
Show
View Real Time Build Order
Export as new Build Order

BerryRAWR Terran 

Build Orders:  

Get SALT Encoding   

  12  0:00  SCV  
  13  0:12  SCV  
  14  0:19  Supply Depot  
  14  0:25  SCV  
  15  0:40  SCV  
  16  0:46  Barracks  
  16  0:50  Refinery  
  16  0:53  SCV  
  17  1:05  SCV  
  18  1:17  SCV  
  20  1:34  Barracks Reactor  
  20  1:35  Orbital Command  
  19  1:58  Command Center  
  19  2:08  SCV  
  20  2:11  Reaper x2  
  20  2:13  Supply Depot  
  22  2:20  SCV  
  23  2:24  Bunker  
  23  2:31  Barracks  
  23  2:35  SCV  
  24  2:38  Barracks  
  24  2:42  Marine  
  24  2:43  Marine  
  26  2:50  SCV  
  27  3:00  Marine  
  27  3:01  Marine  
  27  3:02  SCV  
  30  3:20  Barracks Tech Lab  
  30  3:21  Marine x2  
  30  3:22  SCV  
  30  3:23  Orbital Command  
  33  3:34  Barracks Tech Lab, SCV  
  34  3:39  Marauder, Marine x2  
  38  3:41  Stimpack  
  38  3:46  SCV  
  39  3:49  SCV  
  39  3:54  Combat Shield  
  40  3:57  Marine x2  
  40  3:58  SCV  
  40  4:00  Marauder  
  45  4:03  Supply Depot  
  45  4:05  SCV  
  46  4:10  Supply Depot  
  46  4:25  Marauder x2, SCV x2, Marine x2  
  46  4:30  Refinery  
  54  4:41  SCV  
  54  4:42  Marine x2  
  54  4:44  SCV  
  56  4:46  Marauder x2  
  60  4:53  SCV  
  60  4:54  Command Center  
  60  4:56  SCV  
  60  4:58  Refinery  
  62  5:04  Supply Depot  
  62  5:06  Supply Depot  
  62  5:08  Factory  
  62  5:17  Supply Depot  
  62  5:21  Marine x2  
  62  5:25  SCV x2, Marine x2  
  66  5:29  Engineering Bay  
  66  5:31  Concussive Shells  
  65  5:37  SCV x2  
  65  5:39  Marine  
  65  5:40  Marauder  
  67  5:44  Marine  
  67  5:45  Marine  
  69  5:52  Barracks x2  
  67  5:58  Marauder  
  67  6:01  Marauder  
  68  6:10  Marine  
  68  6:11  SCV  
  55  6:12  Factory Reactor, Starport  
  55  6:13  Orbital Command  
  55  6:14  SCV  
  55  6:18  Refinery  
  56  6:23  Terran Infantry Weapons Level 1, Engineering Bay, SCV  
  57  6:26  Marauder, SCV, Marine  
  57  6:30  Marauder, Marine  
  64  6:35  SCV  
  64  6:38  Supply Depot, SCV  
  66  6:43  Marine  
  66  6:45  Barracks Reactor  
  66  6:46  Barracks Tech Lab  
  67  6:48  Orbital Command, Marauder, SCV  
  67  6:53  Marine x2  
  72  6:54  SCV  
  73  7:01  Medivac x2, Marine  
  73  7:02  Factory Reactor  
  73  7:06  Marine  
  79  7:09  Marauder  
  79  7:11  Marauder, Terran Infantry Armor Level 1, Marine  
  79  7:13  SCV x2  
  79  7:14  SCV  
  87  7:18  Supply Depot  
  87  7:22  Supply Depot  
  87  7:24  Marauder  
  87  7:25  SCV, Marine x2  
  87  7:26  Marine  
  87  7:28  SCV  
  87  7:29  SCV  
  95  7:31  Medivac  
  95  7:32  Marine x2  
  99  7:37  SCV, Marine  
  99  7:39  Missile Turret  
  99  7:40  Medivac  
  102  7:46  SCV  
  102  7:49  SCV x2  
  105  7:52  Supply Depot  
  107  7:58  Widow Mine  
  107  7:59  Widow Mine  
  109  8:07  Supply Depot, Marine x4  
  109  8:08  Marauder, SCV  
  109  8:11  Armory, Marauder  
  118  8:13  Marine  
  118  8:17  Supply Depot  
  121  8:20  Widow Mine  
  121  8:29  Marauder  
  123  8:38  Widow Mine  
  123  8:39  Marauder x2, Medivac x2, Marine x2  
  123  8:40  Marine x2  
  123  8:41  Widow Mine  
  117  8:51  Marauder  
  96  8:56  Marine x2  
  96  8:57  Marine x2, SCV x3  
  96  9:00  Marine  
  96  9:01  Marauder  
  99  9:09  SCV  
  99  9:12  Marauder  
  99  9:14  Marine x2  
  99  9:15  Marine x2  
  99  9:16  Medivac x2  
  109  9:18  Marauder  
  109  9:21  Supply Depot  
  109  9:22  Marauder  
  113  9:27  Widow Mine  
  113  9:28  Widow Mine  
  117  9:32  Marine x2  
  117  9:33  Marauder, Marine x2  
  117  9:37  Supply Depot  
  117  9:38  SCV  
  124  9:39  Supply Depot, Marine  
  124  9:42  SCV  
  124  9:43  Marauder  
  127  9:48  Missile Turret  
  127  9:50  Marine x2  
  127  9:51  Marine x2  
  127  9:55  Marauder  
  127  9:58  Marauder  
  124  10:04  Marine  
  121  10:12  Marine x4  
  110  10:16  Marauder  
  110  10:19  Marauder  
  103  10:22  Marauder  
  103  10:27  Widow Mine  
  100  10:29  Marine  
  54  11:09  Widow Mine, Marine  
  54  11:10  Marauder  
  54  11:11  Marauder  
  38  11:12  Marauder  
  30  11:18  Marine  
  28  11:26  SCV  
Tags
 
Add a new tag
Caveats
  • Supply blocks, unpowered buildings, or Contaminate may cause inaccurate times.
  • Supply counts are checked every 10 seconds.